AoeStats
← DK3175

Baltic

510436032Analyzed
4v4 RM · 2d ago on Oct 1, 2026· 79m 57s· 8 players
Game mode
Random Map
Map size
Large (8 player)
Population
200
Speed
Normal
Resources
Standard
Victory
Conquest
Starting age
Dark Age
Ending age
Imperial Age
RankedLock teamsTeams togetherTeam positionsShared explorationLock speedFull tech treeHidden civsTurbo modeCheats
Victory
Defeat
🇦🇷 Huns · Argentina
895
+13
🇦🇷 Teutons · Argentina
866
+14
🇵🇪 Franks · Peru
809
+17
🇲🇽 Varangians · Mexico
774
+18
🇺🇸 Persians · United States
1030
-22
🇦🇺 Ethiopians · Australia
827
-16
🇳🇿 Huns · New Zealand
737
-12
🇺🇸 Byzantines · United States
728
-12
NATIVE RADIX
1:37 Loom
14:52 Feudal Age
15:40 Arson
15:17 Man-at-Arms
16:53 Wheelbarrow
18:11 Horse Collar
18:25 Gold Mining
20:47 Double-Bit Axe
22:34 Stone Mining
25:33 Castle Age
24:41 Fletching
24:53 Padded Archer Armor
26:14 Crossbowman
26:41 Pikeman
27:09 Gambesons
30:13 Hand Cart
30:29 Bodkin Arrow
30:50 Leather Archer Armor
31:16 Squires
36:11 Imperial Age
33:53 Heavy Plow
36:51 Fortified Wall
36:22 Treadmill Crane
36:54 Arbalester
38:00 Caravan
38:58 Conscription
38:12 Halberdier
39:26 Thumb Ring
39:18 Guard Tower
39:47 Capped Ram
41:38 Chemistry
43:57 Hoardings
44:31 Keep
47:01 Medium Warships
50:24 Crop Rotation
50:40 Stone Shaft Mining
50:42 Gold Shaft Mining
49:31 Elite Cataphract
50:51 Heavy Warships
55:02 Bow Saw
59:34 Bombard Tower
59:36 Ballistics
63:58 Bracer
DK3175
0:28 Loom
13:20 Feudal Age
19:19 Castle Age
18:07 Double-Bit Axe
24:07 Horse Collar
26:35 Heavy Plow
27:04 Marauders
27:26 Bow Saw
28:20 Wheelbarrow
28:59 Scale Barding Armor
29:05 Forging
30:23 Hand Cart
30:34 Chain Barding Armor
31:46 Iron Casting
34:15 Imperial Age
32:05 Bloodlines
32:17 Husbandry
34:19 Elite Tarkan
35:27 Conscription
36:11 Blast Furnace
35:48 Plate Barding Armor
Good Knight
10:37 Feudal Age
10:05 Loom
11:10 Double-Bit Axe
12:07 Wheelbarrow
11:57 Horse Collar
12:28 Town Watch
24:11 Castle Age
22:13 Stone Mining
22:18 Fishing Lines
24:18 Fletching
24:37 Gold Mining
25:00 Gillnets
25:24 Medium Warships
24:44 Crossbowman
26:12 Stone Shaft Mining
26:18 Gold Shaft Mining
29:02 Heavy Plow
29:15 Bow Saw
32:59 Murder Holes
33:31 Squires
33:16 Arson
33:49 Forging
33:35 Bodkin Arrow
33:41 Scale Mail Armor
33:44 Padded Archer Armor
37:42 Imperial Age
37:35 Careening
37:36 Clinker Construction
37:57 Hand Cart
39:17 Heavy Warships
40:53 Caravan
41:35 Iron Casting
41:16 Chain Mail Armor
41:27 Conscription
41:08 Royal Heirs
43:43 Chemistry
43:03 Ballistics
43:18 Siege Engineers
43:41 Dry Dock
47:41 Elite Shotel Warrior
52:43 Torsion Engines
65:55 Town Patrol
ENJIN3AR
4:38 Loom
12:18 Feudal Age
13:36 Double-Bit Axe
17:41 Castle Age
15:29 Horse Collar
19:30 Wheelbarrow
20:02 Bow Saw
21:14 Demolition Ship
22:12 Medium Warships
22:13 Gold Mining
23:04 Fishing Lines
25:51 Hand Cart
26:13 Gold Shaft Mining
25:42 Heavy Plow
30:36 Imperial Age
28:43 Town Watch
35:54 Cavalier
36:35 Husbandry
36:45 Bloodlines
35:57 Light Cavalry
39:28 Conscription
38:31 Savar
39:31 Stone Mining
40:03 Caravan
41:21 Two-Man Saw
41:58 Scale Barding Armor
42:04 Forging
41:55 Padded Archer Armor
41:48 Fletching
44:10 Iron Casting
43:55 Chain Barding Armor
43:27 Heavy Camel Rider
47:24 Blast Furnace
47:36 Hussar
49:59 Chemistry
49:20 Ballistics
48:56 Murder Holes
49:12 Masonry
51:07 Plate Barding Armor
50:33 Scale Mail Armor
50:24 Fletching
50:52 Leather Archer Armor
50:40 Hussar
57:28 Heavy Scorpion
65:38 Architecture
67:26 Pikeman
68:07 Squires
inteligenteplaya
2:45 Loom
14:27 Feudal Age
16:11 Wheelbarrow
15:35 Double-Bit Axe
19:52 Castle Age
17:44 Fishing Lines
18:31 Gold Mining
19:00 Stone Mining
19:10 Arson
19:37 Forging
20:42 Scale Mail Armor
20:29 Horse Collar
21:04 Gillnets
21:28 Medium Warships
28:28 Hand Cart
28:20 Siphons
28:37 Ballistics
29:35 Town Watch
33:47 Heavy Plow
36:32 Imperial Age
34:24 Murder Holes
34:42 Careening
38:23 Chemistry
37:35 Incendiaries
37:38 Fervor
37:36 Elite Longship
38:45 Heavy Warships
37:52 Heavy Scorpion
39:04 Crop Rotation
38:49 Bow Saw
38:43 Town Patrol
38:18 Gothikon
39:41 Heated Shot
40:12 Fletching
40:33 Treadmill Crane
41:00 Siege Engineers
41:11 Clinker Construction
41:20 Vendel Legacy
42:55 Scale Barding Armor
43:26 Iron Casting
42:52 Padded Archer Armor
43:14 Conscription
44:03 Two-Man Saw
44:41 Cavalier
45:21 Husbandry
45:32 Bloodlines
45:53 Caravan
45:30 Elite Varangian Guard
46:11 Squires
45:56 Gambesons
46:07 Guard Tower
46:28 Masonry
46:43 Carvel Hull
48:36 Chain Mail Armor
49:21 Blast Furnace
48:17 Bodkin Arrow
48:44 Chain Barding Armor
49:53 Plate Mail Armor
49:41 Guilds
53:42 Plate Barding Armor
53:33 Elite Jarl
58:01 Architecture
58:47 Heavy Mounted Crossbowman
58:47 Cranequins
63:25 Pikeman
70:19 Halberdier
leonedu
11:03 Feudal Age
10:07 Loom
14:08 Town Watch
16:38 Castle Age
19:14 Scale Barding Armor
23:24 Wheelbarrow
23:04 Double-Bit Axe
24:55 Bow Saw
25:18 Stone Mining
26:39 Fervor
27:44 Chain Barding Armor
27:35 Forging
30:11 Hand Cart
33:01 Gold Mining
34:22 Herbal Medicine
38:47 Imperial Age
37:52 Iron Casting
37:08 Fletching
37:51 Husbandry
39:17 Town Patrol
39:42 Chivalry
40:20 Plate Barding Armor
39:25 Cavalier
40:31 Masonry
40:44 Ballistics
40:56 Scale Mail Armor
40:46 Arson
41:14 Pikeman
43:22 Blast Furnace
43:51 Bodkin Arrow
46:21 Chain Mail Armor
48:31 Halberdier
52:21 Caravan
53:08 Squires
54:41 Conscription
56:00 Sanctity
55:28 Paladin
56:40 Plate Mail Armor
57:03 Elite Throwing Axeman
63:43 Hoardings
ZEROarg
0:28 Loom
12:33 Feudal Age
18:46 Castle Age
21:19 Double-Bit Axe
23:22 Horse Collar
27:08 Heavy Plow
27:16 Gold Mining
28:10 Bow Saw
31:36 Gold Shaft Mining
32:23 Marauders
35:14 Imperial Age
33:23 Wheelbarrow
34:34 Hand Cart
35:15 Forging
35:14 Scale Barding Armor
37:00 Two-Man Saw
36:25 Conscription
35:30 Elite Tarkan
36:48 Iron Casting
37:42 Chain Barding Armor
37:46 Bloodlines
37:36 Husbandry
39:07 Blast Furnace
39:37 Plate Barding Armor
52:18 Caravan
SimbaSKYwalker
0:34 Loom
11:14 Feudal Age
12:32 Double-Bit Axe
20:40 Castle Age
18:47 Horse Collar
30:23 Imperial Age
28:02 Scale Mail Armor
28:12 Forging
28:19 Squires
28:48 Gambesons
28:49 Arson
30:32 Wheelbarrow
29:43 Town Watch
29:43 Town Watch
30:56 Forging
31:02 Chain Mail Armor
30:52 Scale Barding Armor
33:14 Conscription
34:33 Iron Casting
34:28 Plate Mail Armor
34:33 Iron Casting
34:16 Heavy Plow
34:05 Pikeman
35:02 Caravan
36:18 Chemistry
36:27 Blast Furnace
35:57 Plate Mail Armor
36:27 Blast Furnace
35:35 Scale Barding Armor
36:57 Hand Cart
37:15 Plate Mail Armor
37:15 Ballistics
37:49 Bow Saw
37:10 Halberdier
38:04 Stone Mining
38:04 Gold Mining
38:04 Stone Mining
40:16 Chain Barding Armor
39:47 Fletching
39:57 Padded Archer Armor
39:47 Fletching
39:57 Padded Archer Armor
39:36 Elite Teutonic Knight
42:08 Two-Man Saw
43:14 Bodkin Arrow
43:34 Leather Archer Armor
43:14 Bodkin Arrow
43:55 Plate Barding Armor
48:32 Bloodlines
47:43 Cavalier
50:42 Ring Archer Armor
54:14 Paladin
54:57 Onager
64:07 Town Patrol
64:18 Siege Engineers
63:59 Arrowslits
64:25 Fortified Wall
64:22 Siege Onager
68:28 Stone Shaft Mining
78:19 Spies/Treason
Connection lost

Rejoining the realm…

Still unreachable

The connection could not be restored.

Session expired

The server has moved on; the page needs a fresh start.